 Dungeon Crawl Stone Soup version 0.31-a0-234-gad7ace16ef (webtiles) character file.

Game seed: 17532791236677087961

298 qw the Shooter (level 6, 0/52 HPs)
             Began as a Minotaur Hexslinger on July 9, 2023.
             Was an Initiate of Okawaru.
             Slain by an orc wizard
             ... wielding a +0 dagger
              (2 damage)
             ... on level 4 of the Dungeon.
             The game lasted 00:01:33 (3535 turns).

qw the Shooter (Minotaur Hexslinger)                Turns: 3535, Time: 00:01:33

Health: 0/52       AC:  6    Str: 12    XL:     6   Next: 13%
Magic:  6/6        EV: 12    Int: 10    God:    Okawaru [......]
Gold:   295        SH:  0    Dex: 15    Spells: 6/7 levels left

rFire   . . .        Y - +2 sling
rCold   . . .        (no shield)
rNeg    . . .        m - +2 leather armour {Will+}
rPois   .            (helmet restricted)
rElec   .            (no cloak)
rCorr   .            (no gloves)
SInv    .            a - +0 pair of boots
Will    +....        c - amulet of the acrobat
Stlth   +            (no ring)
HPRegen 0.28/turn    (no ring)
MPRegen 0.10/turn

%: acrobat
@: confused
A: horns 2, retaliatory headbutt
a: Renounce Religion


You were on level 4 of the Dungeon.
You worshipped Okawaru.
Okawaru was noncommittal.
You visited 2 branches of the dungeon, and saw 6 of its levels.

You collected 295 gold pieces.


Innate Abilities, Weirdness & Mutations

You have a pair of horns on your head.
You reflexively headbutt those who attack you in melee.


   Skills:
 - Level 4.1 Fighting
 - Level 6.0 Ranged Weapons
 + Level 0.5 Armour
 - Level 2.1 Dodging
 - Level 1.0 Spellcasting
 - Level 2.0 Hexes


You had 6 spell levels left.
You knew the following spells:

 Your Spells              Type           Power      Damage    Failure   Level
a - Slow                  Hex            16%        N/A       19%         1

Your spell library contained the following spells:

 Spells                   Type           Power      Damage    Failure   Level
 Inner Flame              Hex/Fire       2%         N/A       65%         3
 Portal Projectile        Hex/Tloc       4%         N/A       65%         3
 Cause Fear               Hex            2%         N/A       88%         4

Inventory:

Hand Weapons
 Y - a +2 sling (weapon)
Armour
 a - a +0 pair of boots (worn)
 m - a +2 leather armour of willpower (worn)
Jewellery
 c - an amulet of the acrobat (around neck)
Scrolls
 e - a scroll of identify
Potions
 b - a potion of cancellation
 d - a potion of might
 f - a potion of haste
 g - a potion of heal wounds

Dungeon Overview and Level Annotations

Branches:
Dungeon (5/15)             Temple (1/1) D:4

Altars:
Ashenzari
Cheibriados
Elyvilon
Gozag
Kikubaaqudgha
Makhleb
Okawaru
Qazlal
Ru
Trog
Uskayaw
Vehumet
Wu Jian
Xom
Yredelemnul
Zin
The Shining One


Message History

The magic dart hits you!
You shoot a sling bullet. Something hits you.
You shoot a sling bullet. Something hits you but does no damage.
You shoot a sling bullet. Something hits you but does no damage.
You hear some strange, mumbled words.
A puff of flame appears from out of thin air!
The puff of flame misses you.
You shoot a sling bullet. Something hits you but does no damage.
You shoot a sling bullet. Something hits you but does no damage.
You shoot a sling bullet. Something hits you.
You shoot a sling bullet. Something hits you but does no damage.
You shoot a sling bullet. Something hits you.
You shoot a sling bullet. Something hits you but does no damage.
You shoot a sling bullet. Something hits you.
You shoot a sling bullet.
You hear some strange, mumbled words.
A puff of flame appears from out of thin air!
The puff of flame hits you! Something hits you.
You shoot a sling bullet.
You hear some strange, mumbled words.
You are confused.
You shoot a sling bullet. Something hits you.
You shoot a sling bullet. Something hits you.
You shoot a sling bullet. Something hits you.
You shoot a sling bullet. Something hits you.
You die...

..# #.......##......#....#
..# #.......##.........#.#
..# #.......###...#.##.#.#
..# #######.###.....##.#.#
..# #.......####.#.# ..###
####.#..# #.#.# ..'.# #.#.##
#.#.# ..#.# #{#.### #.#.#
..#.# #@)...# #.#.# ###.#
#####.###.#.# #.# #.....#.#
#.# #######.# ###.# #.#
....# #.# .#### #.#
.#########################.#
...........................#


There were no monsters in sight!

Vanquished Creatures
  A phantom (D:4)
  A hound (D:5)
  2 iguanas
  5 adders
  A shadow imp (D:5)
  An ufetubus (D:4)
  A worm (D:3)
  2 dart slugs
  5 orcs
  9 ball pythons
  6 endoplasms
  5 giant cockroaches
  3 goblins
  2 hobgoblins
  3 jackals (D:3)
  7 kobolds
  2 quokkas (D:1)
  9 bats
  3 frilled lizards
  5 rats
73 creatures vanquished.

Notes
Turn   | Place    | Note
-------+----------+-------------------------------------------
     0 | D:1      | qw the Minotaur Hexslinger began the quest for the Orb.
     0 | D:1      | Reached XP level 1. HP: 16/16 MP: 1/1
     0 | D:1      | 0 ||| qw: Version: 0.3-a-51-g015441d
     0 | D:1      | 0 ||| qw: Game counter: 4085
     0 | D:1      | 0 ||| qw: Melee chars always use a shield: true
     0 | D:1      | 0 ||| qw: God list: Okawaru
     0 | D:1      | 0 ||| qw: Allow faded altars: false
     0 | D:1      | 0 ||| qw: Do Orc after clearing Dungeon:15 true
     0 | D:1      | 0 ||| qw: Do second Lair branch before Depths: true
     0 | D:1      | 0 ||| qw: Lair rune preference: random
     0 | D:1      | 0 ||| qw: Goals: Normal
     0 | D:1      | 0 ||| PLANNING D:1-11
   149 | D:1      | Reached skill level 3 in Ranged Weapons
   150 | D:1      | Reached XP level 2. HP: 23/23 MP: 2/2
   683 | D:1      | 683 ||| DROPPING scarf of shadows.
   684 | D:1      | 684 ||| UPGRADING to +0 ring mail.
   694 | D:1      | 694 ||| DROPPING +0 robe.
   695 | D:1      | 695 ||| UPGRADING to +2 leather armour of willpower.
   705 | D:1      | 705 ||| DROPPING +0 ring mail.
   706 | D:1      | 706 ||| READING scroll labelled UHU MIN UTRIZ.
   707 | D:1      | 707 ||| READING 5 scrolls labelled XASCHY UNWE.
   708 | D:1      | 708 ||| READING scroll labelled PORGHU DUDIOFUPN.
   709 | D:1      | 709 ||| READING scroll labelled WOTASOOSOXT.
   710 | D:1      | 710 ||| READING scroll labelled ULYETHREN WOUT.
   711 | D:1      | 711 ||| READING scroll labelled TYKIAPIHIQ.
   712 | D:1      | 712 ||| READING 4 scrolls of identify.
   712 | D:1      | 712 ||| IDENTIFYING blue potion
   713 | D:1      | 713 ||| DROPPING scroll of poison.
   738 | D:2      | Reached XP level 3. HP: 27/29 MP: 3/3
   835 | D:2      | Reached skill level 4 in Ranged Weapons
  1022 | D:2      | Found a faded altar of an unknown god.
  1248 | D:2      | 1248 ||| UPGRADING to +0 pair of boots.
  1253 | D:2      | 1253 ||| READING scroll labelled XOANLI NACOGG.
  1254 | D:2      | 1254 ||| READING 4 scrolls of identify.
  1254 | D:2      | 1254 ||| IDENTIFYING murky pink potion
  1255 | D:2      | 1255 ||| READING 3 scrolls of identify.
  1255 | D:2      | 1255 ||| IDENTIFYING fizzy inky potion
  1256 | D:2      | 1256 ||| READING 2 scrolls of identify.
  1256 | D:2      | 1256 ||| IDENTIFYING lumpy ruby potion
  1257 | D:2      | 1257 ||| DROPPING potion of lignification.
  1258 | D:2      | 1258 ||| DROPPING potion of magic.
  1282 | D:3      | 1282 ||| PLANNING SEWER
  1416 | D:3      | Reached XP level 4. HP: 36/36 MP: 4/4
  1522 | D:3      | Found a snail-covered altar of Cheibriados.
  1523 | D:3      | 1523 ||| READING 3 scrolls labelled IRGHY POMYUCSO.
  1588 | D:3      | 1588 ||| READING 2 scrolls of identify.
  1588 | D:3      | 1588 ||| IDENTIFYING viscous orange potion
  1589 | D:3      | 1589 ||| DROPPING 2 scrolls of torment.
  1590 | D:3      | 1590 ||| DROPPING potion of brilliance.
  1937 | D:3      | 1937 ||| RIP SEWER
  1974 | D:3      | 1974 ||| PLANNING D:1-11
  2043 | D:3      | 2043 ||| DRINKING 2 fuming coppery potions.
  2044 | D:3      | 2044 ||| READING 2 scrolls of identify.
  2044 | D:3      | 2044 ||| IDENTIFYING fizzy emerald potion
  2045 | D:3      | 2045 ||| DROPPING potion of attraction.
  2074 | D:4      | 2074 ||| STAIRDANCE
  2077 | D:3      | HP: 4/36 [iguana (12)]
  2078 | D:3      | 2078 ||| DRINKING potion of heal wounds.
  2080 | D:3      | Reached skill level 5 in Ranged Weapons
  2280 | D:4      | Noticed a phantom
  2294 | D:4      | Killed a phantom
  2295 | D:4      | Reached XP level 5. HP: 35/46 MP: 5/5
  2957 | D:4      | Found a staircase to the Ecumenical Temple.
  2958 | D:4      | 2958 ||| PLANNING TEMPLE
  2958 | D:4      | 2958 ||| UPGRADING to amulet of the acrobat.
  2963 | D:4      | 2963 ||| READING 2 scrolls of identify.
  2963 | D:4      | 2963 ||| IDENTIFYING murky inky potion
  2972 | Temple   | Entered the Ecumenical Temple
  3024 | Temple   | 3024 ||| PLANNING OKAWARU WORSHIP
  3103 | Temple   | Became a worshipper of Warmaster Okawaru
  3104 | Temple   | 3104 ||| PLANNING D:1-11
  3383 | D:5      | Entered Level 5 of the Dungeon
  3431 | D:5      | Reached skill level 6 in Ranged Weapons
  3431 | D:5      | Reached XP level 6. HP: 41/52 MP: 6/6
  3508 | D:5      | 3508 ||| STAIRDANCE
  3530 | D:4      | HP: 10/52 [something/puff of flame (9)]
  3534 | D:4      | HP: 2/52 [something (3)]
  3535 | D:4      | Slain by an orc wizard

Levels and vault maps discovered:
D:1:      enne_arrival_octagon_isle, layout_basic, minmay_pentomino_o2
D:2:      layout_rooms, shapermc_ecumenical_altar_ellora
D:3:      layout_basic, cheibrodos_worm_habitat, portal_sewer_entry_e,
          minmay_cut_off
D:4:      layout_basic, temple_hall, minmay_cupped
D:5:      layout_rooms, serial_shops, shop, st_stairs_1, uniq_sigmund
Temple:   kb_temple_of_zot

Skill      XL: |  1  2  3  4  5 |
---------------+----------------+-----
Ranged Weapons | 3 4 5 6 |  6.0
Fighting       | 2 4 |  4.1
Armour         | |  0.5
Dodging        | |  2.1
Spellcasting   | |  1.0
Hexes          | |  2.0

Action                     |  1- 3 |  4- 6 || total
---------------------------+-------+-------++-------
   Fire: Sling             |   132 |   143 ||   275
    Use: Scroll            |    11 |     4 ||    15
         Potion            |       |     2 ||     2
 Armour: Robe              |     4 |       ||     4
         Leather armour    |    15 |    30 ||    45
  Dodge: Dodged            |    44 |    33 ||    77

Table legend:
 A = Non-vault XP
 B = Vault XP
 C = Vault XP percentage of total XP
 D = Non-vault monster count
 E = Vault monster count
 F = Vault count percentage of total count
                 A         B        C        D         E       F
            +---------+---------+-------+---------+---------+-------
      Total |     364 |      62 |  14.6 |      62 |      11 |  15.1
            +---------+---------+-------+---------+---------+-------
        D:1 |      31 |       4 |  11.4 |      19 |       2 |   9.5
        D:2 |      33 |       0 |   0.0 |      14 |       0 |   0.0
        D:3 |      68 |      15 |  18.1 |      12 |       5 |  29.4
        D:4 |     211 |       3 |   1.4 |      13 |       3 |  18.8
        D:5 |      21 |      40 |  65.6 |       4 |       1 |  20.0
            +---------+---------+-------+---------+---------+-------
